 Dungeon Crawl Stone Soup version 0.25.0-11-g1f837a7 (webtiles) character file.

Game seed: 11705020431648212514

3768 sollaires the Cleaver (level 9, -1/74 HPs)
             Began as a Deep Dwarf Fighter on June 26, 2020.
             Slain by Maggie
             ... wielding a +0 morningstar
              (5 damage)
             ... on level 8 of the Dungeon.
             The game lasted 00:30:17 (5625 turns).

sollaires the Cleaver (Deep Dwarf Fighter)          Turns: 5625, Time: 00:30:18

Health: -1/74      AC: 10    Str: 23    XL:     9   Next: 94%
Magic:  0/0        EV:  9    Int:  9    God:
Gold:   336        SH:  9    Dex: 12    Spells: 8/8 levels left

rFire    + . .     SeeInvis .   t - +0 broad axe
rCold    x . .     Gourm    .   c - +0 kite shield
rNeg     . . .     Faith    .   b - +0 scale mail
rPois    .         Spirit   .   m - +1 helmet
rElec    .         Reflect  .   (no cloak)
rCorr    .         Harm     .   x - +0 pair of gloves
MR       +....                  (no boots)
Stlth    ..........             (no amulet)
HPRegen  0.00/turn              n - ring of fire
MPRegen  0.07/turn              u - ring of flight

@: mesmerised, non-regenerating
A: damage resistance, heal wounds, sense surroundings 2, no regeneration
a: Heal Wounds, Evoke Flight


You were on level 8 of the Dungeon.
You were not hungry.

You visited 1 branch of the dungeon, and saw 8 of its levels.
You also visited: Sewer.

You collected 336 gold pieces.

Inventory:

Hand Weapons
 a - a +1 war axe
 t - a +0 broad axe (weapon)
 y - a +0 battleaxe
Armour
 b - a +0 scale mail (worn)
 c - a +0 kite shield (worn)
 m - a +1 helmet (worn)
 x - a +0 pair of gloves (worn)
Jewellery
 n - a ring of fire (left hand)
 u - a ring of flight (right hand)
Wands
 q - a wand of polymorph (6)
Scrolls
 e - 2 scrolls of remove curse
 h - 5 scrolls of teleportation
Potions
 j - 3 potions of haste
 k - 2 potions of flight
 l - a potion of brilliance {unknown}
 r - 2 potions of ambrosia
 s - 3 potions of berserk rage
 v - a potion of invisibility {unknown}
 w - a potion of cancellation {unknown}
 z - a potion of degeneration
Comestibles
 f - 12 rations
 g - 3 chunks of flesh


   Skills:
 - Level 2.6 Fighting
 + Level 14.5 Axes
 - Level 3.2 Armour
 - Level 3.3 Dodging
 - Level 1.0 Stealth
 - Level 3.2 Shields


You had 8 spell levels left.
You didn't know any spells.
Your spell library was empty.

Dungeon Overview and Level Annotations

Branches:
Dungeon (8/15)             Temple (0/1) D:6           Sewer (visited)
   Lair: D:8-11

Altars:
Elyvilon
Fedhas
Hepliaklqana
Qazlal
Ru
Sif Muna
Trog
Uskayaw
Vehumet
Wu Jian
Xom
Zin
The Shining One

Shops:
D:5 [

Annotations:
D:7 4 runed translucent doors, 2 transporters, Magic41's ghost, novice MiFi
D:8 Maggie


Innate Abilities, Weirdness & Mutations

You are resistant to damage.
You can heal yourself by infusing magical energy.
You passively map the area around you.
You do not regenerate.


Message History

Okay, then.
Search for what [Enter for "plate", or ? for help]? scroll You climb downwards.
Level annotation: Maggie
There is a stone staircase leading up here.
Maggie shouts!
Maggie gestures wildly while chanting.
Maggie attempts to bespell you!
You are mesmerised by Maggie!
Maggie is too close now for your liking.
Some of the chunks of flesh in your inventory have rotted away.
Maggie casts a spell at you. The bolt of fire hits you. You resist.
* * * LOW HITPOINT WARNING * * *
You closely miss Maggie. Maggie casts a spell at you.
The bolt of fire hits you. You resist.
* * * LOW HITPOINT WARNING * * *
You barely miss Maggie. Maggie hits you with a +0 morningstar!
You die...

########### #.............)...
#.........# #.............###.
#.........# ###.....#######.###.
#.........# #.......#######.....
..........# #.....####....#.....
..........# #.............+.....
.....≈....# ###.##..##....##....
..........# #.##..#*#.........
....≈.....######@##..###....†...#
...............÷@......'....>...#
.............###†##...##........#
.......###.....#.##....#........#
######.###.....#.#...#.#####.##.#
######.........#.#.#....# #.#8.8
.....+..@.######.#.####.# #.....
######....# #.#. .# #.#8.8
######....#* #.#. ,.# #.##.#


You could see Maggie (mesmerising).

Vanquished Creatures
  Erica (D:8)
  Grinder (D:3)
  A hornet (D:8)
  A hungry ghost (D:7)
  A sky beast (D:8)
  2 phantoms
  3 ogres
  3 centaurs
  2 big kobolds
  2 bullfrogs (D:7)
  5 killer bees (D:8)
  3 wights (D:7)
  An electric eel (D:8)
  A howler monkey (D:4)
  A crimson imp (D:7)
  A jelly (D:5)
  2 hounds
  A quasit (D:5)
  9 orc wizards
  11 orc priests
  3 worker ants
  A hound skeleton (D:6)
  3 gnolls (D:3)
  2 howler monkey skeletons
  6 adders
  A river rat (Sewer)
  2 shadow imps (D:8)
  4 oozes
  2 adder zombies
  3 adder skeletons
  2 worms
  2 dart slugs
  10 leopard geckos
  27 orcs
  6 bats
  6 giant cockroaches
  2 goblins
  8 hobgoblins
  17 jackals
  3 quokkas
  2 ball pythons
  4 frilled lizards
  A jackal zombie (D:5)
  14 kobolds
  2 leopard gecko skeletons
  A quokka skeleton (D:6)
  14 rats
200 creatures vanquished.

Notes
Turn   | Place    | Note
-------+----------+-------------------------------------------
     0 | D:1      | sollaires the Deep Dwarf Fighter began the quest for the
                  | Orb.
     0 | D:1      | Reached XP level 1. HP: 20/20 MP: 1/1
    79 | D:1      | Reached skill level 3 in Axes
    95 | D:1      | Reached XP level 2. HP: 27/27 MP: 2/2
   404 | D:1      | Reached XP level 3. HP: 20/33 MP: 3/3
   471 | D:1      | Reached skill level 4 in Axes
   643 | D:2      | Found a faded altar of an unknown god.
   777 | D:2      | Reached skill level 1 in Dodging
   924 | D:2      | Reached XP level 4. HP: 33/40 MP: 4/4
  1458 | D:3      | Found a stormy altar of Qazlal.
  1507 | D:3      | Found an ornate altar of the Wu Jian Council.
  1507 | D:3      | Found a shimmering altar of Xom.
  1508 | D:3      | Found a hazy altar of Hepliaklqana.
  1541 | D:3      | Noticed Grinder
  1561 | D:3      | Paralysed by Grinder for 4 turns
  1567 | D:3      | Killed Grinder
  1567 | D:3      | Reached skill level 6 in Axes
  1567 | D:3      | Reached XP level 5. HP: 26/46 MP: 5/5
  1567 | D:3      | Reached XP level 6. HP: 31/55 MP: 6/6
  1668 | D:3      | Found a blossoming altar of Fedhas.
  1912 | D:3      | Found a sacrificial altar of Ru.
  2106 | D:4      | Reached skill level 7 in Axes
  2134 | D:4      | Reached skill level 1 in Stealth
  2186 | D:4      | Found a glowing drain.
  2195 | Sewer    | Entered a sewer
  2311 | Sewer    | Reached skill level 8 in Axes
  2311 | Sewer    | Reached XP level 7. HP: 48/61 MP: 6/6
  2339 | Sewer    | Found a glowing silver altar of Zin.
  3011 | D:4      | Reached skill level 9 in Axes
  3322 | D:5      | Entered Level 5 of the Dungeon
  3441 | D:5      | Found a shimmering blue altar of Sif Muna.
  3459 | D:5      | Reached XP level 8. HP: 61/68 MP: 5/5
  3459 | D:5      | Reached skill level 10 in Axes
  3655 | D:5      | Found a white marble altar of Elyvilon.
  3702 | D:5      | Found a bloodstained altar of Trog.
  3781 | D:5      | Found Aschyocupp's Armour Shoppe.
  4186 | D:6      | Reached skill level 11 in Axes
  4250 | D:6      | Found a staircase to the Ecumenical Temple.
  4615 | D:7      | Reached skill level 12 in Axes
  4627 | D:7      | Gained mutation: You passively map the area around you.
                  | [Deep Dwarf growth]
  4627 | D:7      | Reached XP level 9. HP: 54/74 MP: 3/3
  4660 | D:7      | Found a radiant altar of Vehumet.
  4666 | D:7      | Found a glowing golden altar of the Shining One.
  4666 | D:7      | Found a glowing silver altar of Zin.
  4667 | D:7      | Found a hide-covered altar of Uskayaw.
  4700 | D:7      | Paralysed by fainting for 9 turns
  5112 | D:7      | Found a huge runed translucent gate.
  5112 | D:7      | Noticed a death yak
  5112 | D:7      | Noticed a polar bear
  5112 | D:7      | Noticed a death yak
  5113 | D:7      | Found a huge runed translucent gate.
  5113 | D:7      | Found a huge runed translucent gate.
  5113 | D:7      | Found a huge runed translucent gate.
  5113 | D:7      | Noticed a polar bear
  5114 | D:7      | Noticed a polar bear
  5115 | D:7      | Noticed a death yak
  5185 | D:7      | Found a transporter.
  5185 | D:7      | Noticed Magic41's ghost (novice MiFi)
  5187 | D:7      | Found a transporter.
  5189 | D:7      | Identified the +5 great mace of Cataclysm {flame, Dex+4}
  5279 | D:8      | Paralysed by a hornet for 3 turns
  5289 | D:8      | Paralysed by a hornet for 3 turns
  5293 | D:8      | Reached skill level 13 in Axes
  5380 | D:8      | Noticed Erica
  5380 | D:8      | Noticed Maggie
  5444 | D:8      | Killed Erica
  5444 | D:8      | Reached skill level 14 in Axes
  5625 | D:8      | Slain by Maggie

Illustrated notes

Levels and vault maps discovered:
D:1:      dpeg_arrival_stone_temple_mockup, layout_rooms
D:2:      layout_loops_cross, chequers_ecumenical_altar_simple_redux
D:3:      layout_loops_ring, gammafunk_temple_overflow_claw, marbit_many_paths,
          lemuel_doored_altar, fedhas_altar_2, uniq_grinder
D:4:      layout_cave_pods, cheibrodos_sewer_entry_drain,
          mrwooster_statue_mirror
D:5:      layout_rooms, lightli_temple_of_fire, overflow_temple_1_default,
          serial_shops, kennysheep_mini_moat, first_ration, elyvilon_altar_4
D:6:      layout_basic, minmay_temple_entry_waves
D:7:      lemuel_bear_cage, layout_basic, grunt_temple_overflow_open,
          gammafunk_ghost_smash
D:8:      layout_basic, grunt_pizzeria, minmay_shop_enchanted_jewellery,
          small_statue_intersection, uniq_maurice, uniq_maggie, uniq_erica

Skill      XL: |  1  2  3  4  5  6  7  8  9 |
---------------+----------------------------+-----
Axes           | 3 4 6 8 9 12 14 | 14.5
Dodging        | 1 2 3 |  3.3
Stealth        | 1 |  1.0
Fighting       | |  2.6
Armour         | |  3.2
Shields        | |  3.2

Action                   |  1- 3 |  4- 6 |  7- 9 || total
-------------------------+-------+-------+-------++-------
Melee: War axe           |   148 |   158 |    39 ||   345
       Broad axe         |       |       |   416 ||   416
 Abil: Heal Wounds       |     1 |     5 |    15 ||    21
  Use: Scroll            |       |     6 |    11 ||    17
       Potion            |       |       |    14 ||    14
  Eat: Chunk             |       |     5 |    15 ||    20
Armor: Scale mail        |    65 |    55 |   239 ||   359
Dodge: Dodged            |    31 |    35 |   195 ||   261
Block: Kite shield       |    72 |    55 |   278 ||   405
